 Dungeon Crawl Stone Soup version 0.23.2 (webtiles) character file.

Game seed: 13208190169561869943

21 Borgoz the Skirmisher (level 2, -5/26 HPs)
             Began as a Ghoul Fighter on Apr 5, 2019.
             Slain by Sigmund
             ... wielding a +0 scythe
              (6 damage)
             ... on level 2 of the Dungeon.
             The game lasted 00:01:51 (922 turns).

Borgoz the Skirmisher (Ghoul Fighter)                Turns: 922, Time: 00:01:52

Health: -5/26      AC:  5    Str: 18 (19) XL:     2   Next: 87%
Magic:  1/1        EV:  9    Int:  0 (3)  God:
Gold:   100        SH:  0    Dex:  6 (8)  Spells: 1/1 levels left

rFire    . . .     SeeInvis .   a - +0 rapier
rCold    + . .     Gourm    .   (no shield)
rNeg     + + +     Faith    .   b - +0 scale mail
rPois    ∞         Spirit   .   (no helmet)
rElec    .         Reflect  .   (no cloak)
rCorr    .         Harm     .   j - -2 pair of gloves (curse)
MR       .....                  (no boots)
Stlth    ..........             (no amulet)
HPRegen  0.00/turn              (no ring)
MPRegen  0.07/turn              (no ring)

@: rotting, slowed, lost intelligence, very slow
A: rotting body, claws 1, carnivore, cold resistance 1, negative energy
resistance 3, inhibited regeneration, torment resistance, unbreathing
a: no special abilities


You were on level 2 of the Dungeon.
You were not hungry.

You visited 1 branch of the dungeon, and saw 2 of its levels.

You collected 100 gold pieces.

Inventory:

Hand Weapons
 a - a +0 rapier (weapon)
Armour
 b - a +0 scale mail (worn)
 c - a +0 shield
 j - a cursed -2 pair of gloves (worn)
Jewellery
 k - an uncursed ring of poison resistance {unknown}
Scrolls
 e - 2 scrolls of identify {unknown}
 h - a scroll of teleportation {unknown}
 i - a scroll of blinking {unknown}
 l - 4 scrolls of magic mapping {unknown}
Potions
 d - a potion of might
Comestibles
 f - 3 rations
 g - 2 chunks of flesh


   Skills:
 + Level 3.4 Fighting
 * Level 2.2 Short Blades
 + Level 2.9 Armour
 * Level 1.0 Dodging
 + Level 0.6 Stealth
 - Level 2.6 Shields


You had one spell level left.
You didn't know any spells.
Your spell library was empty.

Dungeon Overview and Level Annotations

Branches:
Dungeon (2/15)

Altars:

Annotations:
D:2 Sigmund


Innate Abilities, Weirdness & Mutations

Your body is rotting away.
You thrive on raw meat.
You are immune to poison.
You have sharp fingernails.
You are carnivorous and can eat meat at any time.
Your flesh is cold resistant. (rC+)
You are immune to negative energy. (rN+++)
You do not regenerate when monsters are visible.
You are immune to unholy pain and torment.
You can survive without breathing.


Message History

The frilled lizard bites you but does no damage.
Sigmund hits you from afar with a +0 scythe!
The frilled lizard bites you but does no damage.
Sigmund hits you but does no damage.
The frilled lizard bites you but does no damage.
You can move again.
You hit the frilled lizard but do no damage.
The frilled lizard barely misses you.
Sigmund screams, "Only death can liberate you!"
Sigmund barely misses you.
The frilled lizard bites you but does no damage.
You miss the frilled lizard. Sigmund hits you but does no damage.
The frilled lizard bites you but does no damage.
The frilled lizard completely misses you.
You miss the frilled lizard.
Sigmund hits you from afar with a +0 scythe!
* * * LOW HITPOINT WARNING * * *
The frilled lizard closely misses you.
Sigmund hits you from afar with a +0 scythe.
You die...

#..#.##.#.# #..#.##.#.#
... # ##.#.##.#.# ..#.#
####.##.#.# ..#.# .#
#.##.#.# ....#
..##.##.#.. ....#
...#.##.###### ....#
#....##.##...#####....#
#...............@l....#
##...##.##...#####@.?.#
##..##.###### ....#
##.##.# ....# #.##.#
....# #.##.# .!..#
#.##.# ....# ...#.#
....#


You could see Sigmund and a frilled lizard.

Vanquished Creatures
  A dart slug (D:1)
  A leopard gecko (D:1)
  3 giant cockroaches
  A goblin (D:1)
  2 hobgoblins
  2 bats (D:1)
  A frilled lizard (D:1)
  2 kobolds (D:1)
  7 rats (D:1)
20 creatures vanquished.

Notes
Turn   | Place    | Note
-------+----------+-------------------------------------------
     0 | D:1      | Borgoz the Ghoul Fighter began the quest for the Orb.
     0 | D:1      | Reached XP level 1. HP: 19/19 MP: 0/0
   135 | D:1      | Reached XP level 2. HP: 25/26 MP: 1/1
   861 | D:2      | Reached skill level 1 in Dodging
   911 | D:2      | Noticed Sigmund
   917 | D:2      | Lost intelligence.
   922 | D:2      | HP: 1/26 [Sigmund/+0 scythe (9)]
   922 | D:2      | Slain by Sigmund

Skill      XL: |  1  2 |
---------------+-------+-----
Short Blades   | 2 |  2.2
Dodging        | 1 |  1.0
Fighting       | |  3.4
Armour         | |  2.9
Stealth        | |  0.6
Shields        | |  2.6

Action                   || total
-------------------------++-------
Melee: Rapier            ||    74
  Use: Potion            ||     1
  Eat: Chunk             ||     1
Armor: Scale mail        ||    30
Dodge: Dodged            ||    36
